 Dungeon Crawl Stone Soup version 0.32-a0-765-gfba4d74c8c (webtiles) character file.

Game seed: 10034447694177140728

9055 Nattfarinn the Reanimator (level 11, -10/95 HPs)
             Began as a Mountain Dwarf Necromancer on Mar 18, 2024.
             Was an Initiate of Ashenzari.
             Mangled by a manticore (23 damage)
             ... on level 11 of the Dungeon.
             The game lasted 00:21:21 (10927 turns).

Nattfarinn the Reanimator (MDNe)                   Turns: 10927, Time: 00:21:21

Health: -10/95     AC:  6    Str: 19    XL:     11   Next: 18%
Magic:  14/14      EV: 14    Int: 19    God:    Ashenzari [......]
Gold:   662        SH:  3    Dex: 10    Spells: 10/14 levels left

rFire   + . .        R - +10 rapier of Togik {pain, rPois Str+4 Int+3 Stlth-}
rCold   . . .        L - +0 buckler
rNeg    . . .        I - +2 ring mail {rF+}
rPois   +            (helmet restricted)
rElec   +            (no cloak)
rCorr   .            (no gloves)
SInv    .            (no boots)
Will    +....        (no amulet) Stlth
                     f - ring of Ashenzari's Doubts {EV+5, Sorc, Self} (curse)
HPRegen 0.35/turn    x - +4 ring of protection
MPRegen 0.14/turn

%: no passive effects
@: about to teleport, corroded
A: runic magic, artefact enchanting, horns 1, shaggy fur 1, electricity
resistance
a: Renounce Religion, Curse Item, Shatter the Chains


You were on level 11 of the Dungeon.
You worshipped Ashenzari.
Ashenzari was noncommittal.
You visited 1 branch of the dungeon, and saw 11 of its levels.

You collected 662 gold pieces.

Inventory:

Hand Weapons
 e - a +3 vampiric spear
 g - a +2 flail of holy wrath
 h - a +2 scythe of venom
 l - the +1 sling of the Enchanting Madman {flame, Will+ rCorr Dex-4 Stlth+}
   (You found it on level 2 of the Dungeon)

   Dex-4:     It affects your dexterity (-4).
   Will+:     It increases your willpower.
   rCorr:     It protects you from acid and corrosion.
   Stlth+:    It makes you more stealthy.
 m - a +1 dagger of venom
 t - a +1 short sword of speed
 u - the +2 mace "Bozoit" {venom, rF- Str+3 Dex+3 Stlth+}
   (You found it on level 3 of the Dungeon)

   Str+3:     It affects your strength (+3).
   Dex+3:     It affects your dexterity (+3).
   rF-:       It makes you vulnerable to fire.
   Stlth+:    It makes you more stealthy.
 R - the +10 rapier of Togik (weapon) {pain, rPois Str+4 Int+3 Stlth-}
   (You found it on level 10 of the Dungeon)

   Str+4:     It affects your strength (+4).
   Int+3:     It affects your intelligence (+3).
   rPois:     It protects you from poison.
   Stlth-:    It makes you less stealthy.
Armour
 a - a +0 robe
 c - a +0 ring mail
 I - a +2 ring mail of fire resistance (worn)
 L - a +0 buckler (worn)
Jewellery
 f - the cursed ring of Ashenzari's Doubts (left hand) {EV+5, Sorc, Self}
   (You found it on level 2 of the Dungeon)

   [ring of evasion]

   EV+5:      It affects your evasion (+5).
   It has a curse which improves the following skills: Sorcery: Conjurations and
   Alchemy.
   Introspection: Fighting and Spellcasting.
 v - a +6 ring of dexterity
 x - a +4 ring of protection (right hand)
 y - the ring "Sas Enni" {Ice Int+4}
   (You found it on level 4 of the Dungeon)

   [ring of ice]

   Ice:       It enhances your ice magic.
   Int+4:     It affects your intelligence (+4).
   rF-:       It makes you vulnerable to fire.
   rC+:       It protects you from cold.
 B - a ring of willpower
 G - a +6 ring of dexterity
 H - a +6 ring of intelligence
 K - a ring of willpower
Wands
 M - a wand of quicksilver (8)
 N - a wand of flame (13)
Scrolls
 d - 2 scrolls of enchant weapon
 k - 10 scrolls of identify
 o - 3 scrolls of noise {unknown}
 p - 3 scrolls of fog
 q - 3 scrolls of immolation {unknown}
 r - a scroll of butterflies {unknown}
 s - a scroll of brand weapon {unknown}
 A - a scroll of fear {unknown}
 C - 2 scrolls of revelation {unknown}
 E - 5 scrolls of vulnerability {unknown}
 O - a scroll of poison {unknown}
 S - a scroll of enchant armour {unknown}
 T - a scroll of blinking {unknown}
Potions
 b - a potion of magic
 i - a potion of enlightenment
 j - a potion of resistance {unknown}
 n - a potion of ambrosia {unknown}
 w - 5 potions of curing {unknown}
 z - a potion of mutation
 D - 4 potions of brilliance {unknown}
 J - a potion of invisibility {unknown}
 Q - a potion of cancellation {unknown}
 U - a potion of might {unknown}


   Skills:
 - Level 8.0(8.4) Fighting
 - Level 9.1 Maces & Flails
 - Level 10.2 Armour
 - Level 1.3 Dodging
 - Level 1.4 Stealth
 - Level 1.7(2.1) Spellcasting
 + Level 12.1 Necromancy


You had 10 spell levels left.
You knew the following spells:

 Your Spells              Type           Power      Damage    Failure   Level
a - Necrotise             Necr           100%       1d9       1%          1
b - Vampiric Draining     Necr           48%        2d9       1%          3

Your spell library contained the following spells:

 Spells                   Type           Power      Damage    Failure   Level
 Animate Dead             Necr           48%        N/A       1%          4
 Curse of Agony           Necr           48%        N/A       4%          5
 Magic Dart               Conj           8%         1d3       24%         1
 Shock                    Conj/Air       8%         1d3       24%         1
 Ensorcelled Hibernation  Hex/Ice        2%         N/A       36%         2
 Searing Ray              Conj           4%         2d4       36%         2
 Static Discharge         Conj/Air       4%         3-4/arc   36%         2
 Gell's Gravitas          Tloc           1%         N/A       58%         3
 Inner Flame              Hex/Fire       1%         N/A       58%         3
 Passwall                 Erth           1%         N/A       58%         3
 Swiftness                Air            1%         N/A       58%         3
 Teleport Other           Tloc           1%         N/A       58%         3
 Airstrike                Air            0%         2d(1-17)  94%         4
 Flame Wave               Conj/Fire      2%         2d4       94%         4
 Fulminant Prism          Conj/Alch      1%         3d5       94%         4
 Sticky Flame             Fire/Alch      2%         2d4       94%         4
 Summon Lightning Spire   Summ/Air       1%         N/A       94%         4
 Dispersal                Tloc           0%         N/A       100%        6


Dungeon Overview and Level Annotations

Branches:
Dungeon (11/15)            Temple (0/1) D:4            Lair (0/5) D:9
    Orc (0/2) D:10

Altars:
Ashenzari
Cheibriados
Gozag
Kikubaaqudgha
Makhleb
Qazlal
Trog
Uskayaw
Vehumet
Wu Jian
Xom

Shops:
D:1 !   D:8 =


Innate Abilities, Weirdness & Mutations

Your spellcasting is much less encumbered by armour.
You can use scrolls of enchantment on lesser artefacts.
You have a pair of small horns on your head.
You are covered in fur. (AC +1)
You are resistant to electric shocks. (rElec)


Message History

The vampire mosquito draws strength from your injuries!
You puncture the manticore!
The manticore writhes in agony.
You headbutt the manticore.
The manticore is moderately wounded.
The vampire mosquito closely misses you.
The manticore bites you!!
* * * LOW HITPOINT WARNING * * *
The manticore claws you but does no damage. x2
The gargoyle hurls a stone arrow at you.
You block the stone arrow.
The vampire mosquito bites you but does no damage.
As you read the scroll of teleportation, it crumbles to dust.
You feel strangely unstable.
The vampire mosquito bites you but does no damage.
The gargoyle hurls a stone arrow at you.
The stone arrow hits you!
* * * LOW HITPOINT WARNING * * *
The manticore bites you.
* * * LOW HITPOINT WARNING * * *
The manticore completely misses you.
The manticore claws you but does no damage.
You hear a sizzling splash.
The vampire mosquito misses you.
You feel much better. The vampire mosquito barely misses you.
The gargoyle hurls a stone arrow at you.
The stone arrow misses you. The manticore closely misses you.
The manticore misses you. The manticore claws you.
* * * LOW HITPOINT WARNING * * *
The vampire mosquito bites you but does no damage.
You hit the manticore but do no damage.
The manticore writhes in agony!
You headbutt the manticore.
The manticore is heavily wounded.
The vampire mosquito bites you!
* * * LOW HITPOINT WARNING * * *
The vampire mosquito draws strength from your injuries!
The manticore misses you. x2
The manticore claws you but does no damage.
You block the vampire mosquito's attack.
The manticore bites you!!
You die...

.........#..... O≈
#............'..###
≈≈####....#########..#
.........#..........#
........#.........##
#....?.#.........#
#..$...#.........#
#..Hy..#.........####
#...@†.#.............
#......#.....########
#.9....#.....# #
###......#.....# #
.........#.....# #
.........#.....########
..........#.............
##........#...........##
#......<.#.<#####....#.


You could see a two-headed ogre, a manticore, a vampire mosquito and a gargoyle.

Vanquished Creatures
  3 two-headed ogres
  Maggie (D:9)
  Psyche (D:8)
  2 trolls (D:11)
  Sigmund (D:3)
  2 shadows
  A wyvern (D:9)
  3 yaks (D:8)
  Grum (D:9)
  A steam dragon (D:9)
  3 acid dragons
  6 orc warriors
  3 ice beasts (D:7)
  A sky beast (D:7)
  3 black bears
  4 wolves
  3 centaurs
  A phantom (D:6)
  3 bullfrogs
  8 scorpions
  7 wights (D:8)
  2 vampire bats (D:3)
  3 howler monkeys
  4 bombardier beetles
  A jelly (D:4)
  5 hounds
  8 orc priests
  4 iguanas
  3 sleepcaps
  A gnoll bouda (D:5)
  20 orc wizards
  Robin (D:4)
  9 gnolls (D:5)
  9 adders
  3 white imps
  4 ufetubi
  2 ribbon worms
  2 dart slugs
  73 orcs
  8 ball pythons
  A bat skeleton (D:3)
  4 bat zombies (D:3)
  3 endoplasms
  2 giant cockroaches (D:1)
  13 goblins
  11 hobgoblins
  3 jackals (D:1)
  10 quokkas
  9 bats
  2 frilled lizards (D:2)
  6 kobolds
  7 rats
291 creatures vanquished.

Vanquished Creatures (collateral kills)
  A dart slug (D:3)
  A giant cockroach (D:2)
2 creatures vanquished.

Vanquished Creatures (others)
  A centaur (D:11)
1 creature vanquished.

Grand Total: 294 creatures vanquished

Notes
Turn   | Place    | Note
-------+----------+-------------------------------------------
     0 | D:1      | Nattfarinn the Mountain Dwarf Necromancer began the quest
                  | for the Orb.
     0 | D:1      | Reached XP level 1. HP: 14/14 MP: 3/3
   321 | D:1      | Reached skill level 1 in Fighting
   446 | D:1      | Reached XP level 2. HP: 22/24 MP: 4/4
   554 | D:1      | Found Sapnysa's Distillery.
   823 | D:1      | Found a faded altar of an unknown god.
   831 | D:1      | Reached XP level 3. HP: 31/31 MP: 3/5
  1146 | D:1      | Gained mutation: You have a pair of small horns on your
                  | head. [potion of mutation]
  1146 | D:1      | Gained mutation: You are resistant to electric shocks.
                  | (rElec) [potion of mutation]
  1146 | D:1      | Gained mutation: You are covered in fur. (AC +1) [potion of
                  | mutation]
  1248 | D:2      | Reached XP level 4. HP: 40/40 MP: 6/6
  1316 | D:2      | Identified the +1 sling of the Enchanting Madman {flame,
                  | Will+ rCorr Dex-4 Stlth+}
  2205 | D:3      | Reached skill level 5 in Fighting
  2453 | D:3      | Identified the +2 mace "Bozoit" {venom, rF- Str+3 Dex+3
                  | Stlth+}
  2554 | D:3      | Reached XP level 5. HP: 48/48 MP: 7/7
  2993 | D:3      | Noticed Sigmund
  2999 | D:3      | Killed Sigmund
  3000 | D:3      | Reached XP level 6. HP: 30/60 MP: 8/8
  3144 | D:3      | Found an ancient bone altar of Kikubaaqudgha.
  3420 | D:4      | Reached XP level 7. HP: 61/68 MP: 9/9
  3524 | D:4      | Reached skill level 1 in Maces & Flails
  3595 | D:4      | Reached skill level 5 in Maces & Flails
  3794 | D:4      | Reached XP level 8. HP: 74/74 MP: 10/10
  3806 | D:4      | Identified the ring "Sas Enni" {Ice Int+4}
  3941 | D:4      | Found a stormy altar of Qazlal.
  3948 | D:4      | Found a broken altar of Ashenzari.
  3948 | D:4      | Found a burning altar of Makhleb.
  3948 | D:4      | Found a shimmering altar of Xom.
  3952 | D:4      | Found an ornate altar of the Wu Jian Council.
  3956 | D:4      | Became a worshipper of Ashenzari the Shackled
  4157 | D:4      | Noticed Robin
  4172 | D:4      | Killed Robin
  4307 | D:4      | Found a staircase to the Ecumenical Temple.
  4335 | D:5      | Entered Level 5 of the Dungeon
  4536 | D:5      | Noticed a +0 short sword
  4536 | D:5      | Noticed a +0 dagger
  4543 | D:5      | Found a hide-covered altar of Uskayaw.
  4543 | D:5      | Noticed a +0 falchion
  4543 | D:5      | Noticed a +0 falchion
  4544 | D:5      | Noticed a +0 short sword
  4545 | D:5      | Noticed a +0 spear
  4550 | D:5      | Noticed a +0 spear
  4551 | D:5      | Noticed a +0 dagger
  5010 | D:5      | Reached skill level 1 in Armour
  5745 | D:6      | Reached skill level 5 in Armour
  5785 | D:6      | Reached XP level 9. HP: 81/81 MP: 11/11
  5869 | D:6      | Found a radiant altar of Vehumet.
  7009 | D:8      | Noticed Psyche
  7026 | D:8      | Killed Psyche
  7027 | D:8      | Reached skill level 10 in Armour
  7098 | D:8      | Reached skill level 5 in Necromancy
  7098 | D:8      | Reached XP level 10. HP: 61/88 MP: 12/12
  7207 | D:8      | Identified the +0 ring mail of Asoefub {Str+3 Int+2}
  7225 | D:8      | Found Duefyzivab's Jewellery Shop.
  7649 | D:8      | Learned a level 3 spell: Vampiric Draining
  7679 | D:9      | Noticed a two-headed ogre
  7694 | D:9      | Killed a two-headed ogre
  7695 | D:9      | Reached skill level 7 in Necromancy
  7961 | D:9      | Reached skill level 8 in Necromancy
  7961 | D:9      | Noticed Grum
  8132 | D:9      | Killed Grum
  8270 | D:9      | Noticed a two-headed ogre
  8290 | D:9      | Killed a two-headed ogre
  8291 | D:9      | Reached skill level 9 in Necromancy
  8611 | D:9      | Noticed Maggie
  8624 | D:9      | Killed Maggie
  8625 | D:9      | Reached skill level 10 in Necromancy
  9033 | D:9      | Found a staircase to the Lair.
  9141 | D:10     | Entered Level 10 of the Dungeon
  9151 | D:10     | Noticed a two-headed ogre
  9168 | D:10     | Killed a two-headed ogre
  9169 | D:10     | Reached skill level 11 in Necromancy
  9325 | D:10     | Reached XP level 11. HP: 43/94 MP: 13/13
  9353 | D:10     | Found a staircase to the Orcish Mines.
  9658 | D:10     | Identified the +10 rapier of Togik {pain, rPois Str+4 Int+3
                  | Stlth-}
  9667 | D:10     | Found a snail-covered altar of Cheibriados.
 10030 | D:10     | Found an opulent altar of Gozag.
 10040 | D:10     | Found a bloodstained altar of Trog.
 10832 | D:11     | Reached skill level 12 in Necromancy
 10923 | D:11     | Noticed a two-headed ogre
 10927 | D:11     | Mangled by a manticore

Illustrated notes

Levels and vault maps discovered:
D:1:      lordsloth_arrival_two_stooges, layout_basic,
          shapermc_ecumenical_altar_pompeii, serial_shops,
          nicolae_shop_window_shopping, minmay_quantized
D:2:      layout_basic, minmay_tromino_v2
D:3:      minmay_door_path, layout_basic, kennysheep_vampire_church,
          uniq_sigmund
D:4:      old_forge, layout_basic, minitemple, temple_hall_moat, uniq_robin
D:5:      layout_gridville, nicolae_uskayaw_en_pointe, st_stairs_11,
          hangedman_abyss_or_decor_stagger
D:6:      layout_cave_pools, nicolae_vehumet_altar_sigil
D:7:      layout_gridville
D:8:      nicolae_cairo_tiling, layout_loops_ring,
          minmay_shop_enchanted_jewellery, minivault_19, uniq_psyche
D:9:      layout_basic, lair_entry_dummy, uniq_maggie, uniq_grum
D:10:     layout_big_octagon, nicolae_gozag_seed_capital, amcnicky_altar_gilded,
          lightli_temple_of_fire, hiddenorc2_lemuel, serial_glass,
          glass_columns_a, glass_columns_a, nicolae_two_hexagons
D:11:     layout_irregular_city, xom_confusion_cloud

Skill      XL: |  1  2  3  4  5  6  7  8  9 10 11 |
---------------+----------------------------------+-----
Fighting       | 1 3 4 5 7 8 |  8.0
Maces & Flails | 6 9 |  9.1
Armour         | 5 10 | 10.2
Necromancy     | 5 11 12 | 12.1
Dodging        | |  1.3
Stealth        | |  1.4
Spellcasting   | |  1.7

Action                     |  1- 3 |  4- 6 |  7- 9 | 10-12 || total
---------------------------+-------+-------+-------+-------++-------
  Melee: Spear             |    86 |       |       |       ||    86
         Unarmed           |     9 |       |       |       ||     9
         Headbutt          |     1 |    16 |    78 |    82 ||   177
         Flail             |       |    72 |    28 |     5 ||   105
         Mace              |       |    42 |   348 |   241 ||   631
         Rapier            |       |       |       |    59 ||    59
   Cast: Necrotise         |    24 |    40 |       |       ||    64
 Invoke: Curse Item        |       |       |       |     1 ||     1
  Evoke: Wand              |       |       |       |     2 ||     2
    Use: Potion            |     4 |     1 |       |     2 ||     7
         Scroll            |     2 |     2 |       |     2 ||     6
   Stab: Sleeping          |       |     2 |     7 |       ||     9
         Held in net/web   |       |       |     1 |       ||     1
 Armour: Ring mail         |    73 |    98 |   232 |   304 ||   707
  Dodge: Dodged            |    52 |   167 |   254 |   315 ||   788
  Block: Buckler           |       |       |       |    75 ||    75

Table legend: (Time is in decaauts)
 A = Elapsed time spent in this place.
 B = Non-inter-level travel time spent in this place.
 C = Inter-level travel time spent in this place.
 D = Time resting spent in this place.
 E = Time spent auto-exploring this place.
 F = Levels seen in this place.
 G = Mean time per level.
                   A        B        C        D        E       F      G
               +--------+--------+--------+--------+--------+-----+--------+
         Total |  10952 |  10549 |    403 |    759 |   7789 |  11 |  995.6 |
       Dungeon |  10952 |  10549 |    403 |    759 |   7789 |  11 |  995.6 |
               +--------+--------+--------+--------+--------+-----+--------+

Top non-repeatable levels by time:
     D:9: 1492 daAuts
     D:1: 1235 daAuts
     D:3: 1174 daAuts
     D:8: 1080 daAuts
     D:2: 1030 daAuts
    D:10: 1022 daAuts
     D:5: 979 daAuts
     D:4: 940 daAuts
     D:6: 716 daAuts
     D:7: 676 daAuts
    D:11: 603 daAuts
